 Dungeon Crawl Stone Soup version 0.26.0-15-gc6cd9f700b (webtiles) character file.

Game seed: 15699681175316911013

510 Jerry the Chucker (level 6, 3/61 HPs)
             Began as a Troll Hunter on Jan 16, 2021.
             Quit the game on level 5 of the Dungeon.
             The game lasted 00:12:30 (3555 turns).

Jerry the Chucker (Troll Hunter)                    Turns: 3555, Time: 00:12:30

Health: 3/61       AC:  7    Str: 21    XL:     6   Next: 98%
Magic:  5/5        EV: 11    Int:  8    God:
Gold:   325        SH:  0    Dex: 11    Spells: 5/5 levels left

rFire    . . .     SeeInvis .   o - +1 whip
rCold    . . .     Faith    .   (no shield)
rNeg     . . .     Spirit   .   b - +1 robe
rPois    .         Reflect  .   (helmet restricted)
rElec    .         Harm     .   (no cloak)
rCorr    .         Rampage  .   (gloves unavailable)
Will     .....                  (boots unavailable)
Stlth    ++........             (no amulet)
HPRegen  0.60/turn              (no ring)
MPRegen  0.09/turn              (no ring)

@: mildly poisoned (3 -> 2)
A: large, unfitting armour, claws 3, regeneration 1, shaggy fur 1, tough skin 3
a: no special abilities


You were on level 5 of the Dungeon.
You visited 2 branches of the dungeon, and saw 7 of its levels.

You collected 325 gold pieces.

Inventory:

Hand Weapons
 o - a +1 whip (weapon)
Missiles
 c - 5 large rocks (quivered)
 d - 2 throwing nets
Armour
 b - a +1 robe (worn)
Jewellery
 j - an uncursed ring of ice
Wands
 h - a wand of iceblast (10)
Scrolls
 e - a scroll of enchant armour
 g - a scroll of remove curse
 i - a scroll of identify
Potions
 f - 3 potions of cancellation
 l - 3 potions of curing {unknown}
 n - a potion of attraction {unknown}


   Skills:
 + Level 3.1 Fighting
 * Level 3.6 Maces & Flails
 - Level 3.6 Throwing
 + Level 3.2 Dodging
 + Level 2.0 Stealth


You had 5 spell levels left.
You didn't know any spells.
Your spell library was empty.

Dungeon Overview and Level Annotations

Branches:
Dungeon (6/15)             Temple (1/1) D:4

Altars:
Ashenzari
Cheibriados
Dithmenos
Elyvilon
Fedhas
Makhleb
Nemelex Xobeh
Okawaru
Ru
Sif Muna
Trog
Vehumet
Wu Jian
Xom
Yredelemnul
Zin
The Shining One

Shops:
D:4 !:


Innate Abilities, Weirdness & Mutations

You are too large for most types of armour.
You have claws for hands.
Your natural rate of healing is unusually fast.
You are covered in fur. (AC +1)
You have extremely tough skin. (AC +3)


Message History

The worker ant completely misses you. The scorpion stings you.
* * * LOW HITPOINT WARNING * * *
You hit the worker ant.
The worker ant is moderately wounded.
The worker ant closely misses you. The iguana barely misses you.
The orc misses you.
The scorpion stings you but does no damage.
As you read the scroll labelled YPUKAUMICI, it crumbles to dust.
You speak a Word of immense power!
The adder skeleton convulses!
You destroy the adder skeleton!
It was a scroll of holy word.
The worker ant bites you.
* * * LOW HITPOINT WARNING * * *
The iguana bites you!
* * * LOW HITPOINT WARNING * * *
The scorpion stings you.
* * * LOW HITPOINT WARNING * * *
The orc hits you with a +0 flail.
* * * LOW HITPOINT WARNING * * *
The worker ant bites you but does no damage.
Are you sure you want to abandon this character and quit the game? (Confirm with "yes".)

.# #.# #.# ##.# #..##
##...### ##......#####
##.........o@##
###.##.....!.Bsl..#
##l.###.........#......
##o.##
##........#####.. #.Z##
#.......## ..##
##......# .## #......#
######## ##..$..#
.......# #.....#


You could see a scorpion, an iguana, a worker ant and an orc.

Vanquished Creatures
  2 scorpions
  A howler monkey (D:4)
  A hound (D:4)
  An orc wizard (D:6)
  Natasha (thrice) (D:2)
  A hound skeleton (D:4)
  9 adders
  4 adder skeletons
  5 worms
  4 dart slugs
  A leopard gecko (D:1)
  4 orcs (D:3)
  8 giant cockroaches
  12 goblins
  9 hobgoblins
  13 jackals
  5 kobolds
  5 quokkas (D:4)
  2 ball pythons
  12 bats
  7 frilled lizards
  4 rats
113 creatures vanquished.

Notes
Turn   | Place    | Note
-------+----------+-------------------------------------------
     0 | D:1      | Jerry the Troll Hunter began the quest for the Orb.
     0 | D:1      | Reached XP level 1. HP: 19/19 MP: 0/0
    94 | D:1      | Reached XP level 2. HP: 9/28 MP: 1/1
   333 | D:1      | Reached skill level 1 in Stealth
   335 | D:1      | Reached XP level 3. HP: 26/35 MP: 2/2
   515 | D:2      | Noticed Natasha
   533 | D:2      | Killed Natasha
   534 | D:2      | Reached skill level 1 in Maces & Flails
   548 | D:2      | Noticed Natasha
   560 | D:2      | Killed Natasha
   561 | D:2      | Reached XP level 4. HP: 24/42 MP: 3/3
   589 | D:2      | Found a blossoming altar of Fedhas.
   877 | D:2      | Noticed Natasha
   889 | D:2      | Reached XP level 5. HP: 50/50 MP: 4/4
   891 | D:2      | Killed Natasha
   995 | D:2      | Found a faded altar of an unknown god.
  2106 | D:4      | Found Rixucu Nolerr's Book Shoppe.
  2158 | D:4      | Found Sutrez's Weapon Boutique.
  2296 | D:4      | Reached XP level 6. HP: 59/59 MP: 5/5
  2336 | D:4      | Found Alleani's Distillery.
  2392 | D:4      | Found a staircase to the Ecumenical Temple.
  2414 | Temple   | Entered the Ecumenical Temple
  3154 | D:5      | Entered Level 5 of the Dungeon
  3433 | D:5      | HP: 3/61 [poisoned by a worker ant]
  3554 | D:5      | HP: 3/61 [orc/+0 flail (3)]
  3555 | D:5      | Quit the game

Illustrated notes

Levels and vault maps discovered:
D:1:      noname_arrival_rooms_in_the_neighbourhood, layout_rooms
D:2:      layout_basic, chequers_ecumenical_altar_simple_redux, fedhas_altar_4,
          uniq_natasha
D:3:      layout_loops_ring, grunt_ministairs_15
D:4:      layout_basic, minmay_temple_entry_glassed_door, serial_shops,
          nicolae_shop_behind_doors, nicolae_shop_stone, nicolae_shop_crystal
D:5:      layout_cave_pods, ebering_ghost_disaster_area
D:6:      layout_cave_pools, uniq_crazy_yiuf_cottage, uniq_eustachio
Temple:   eino_temple_rhombus

Skill      XL: |  1  2  3  4  5  6 |
---------------+-------------------+-----
Fighting       | 2 3 |  3.1
Dodging        | 2 3 |  3.2
Stealth        | 1 2 |  2.0
Maces & Flails | 1 2 3 |  3.6
Throwing       | |  3.6

Action                   |  1- 3 |  4- 6 || total
-------------------------+-------+-------++-------
Melee: Short sword       |    45 |       ||    45
       Mace              |    55 |    89 ||   144
       Whip              |       |   327 ||   327
Throw: Large rock        |       |     5 ||     5
  Use: Scroll            |       |     9 ||     9
       Potion            |       |     2 ||     2
 Stab: Sleeping          |     2 |     5 ||     7
Armor: Robe              |    58 |   209 ||   267
       Skin              |       |    71 ||    71
Dodge: Dodged            |    74 |   300 ||   374
